 Dungeon Crawl Stone Soup version 0.30-a0-1114-gd936c97349 (webtiles) character file.

Game seed: 10244776564722951112

725699 GloriousHammer the Evocator (level 27, -21/342 HPs)
             Began as a Gnoll Cinder Acolyte on Apr 9, 2023.
             Was the Champion of Cheibriados.
             Demolished by a large abomination (28 damage)
             ... summoned by Mnoleg
             ... in Pandemonium on Apr 21, 2023.
             The game lasted 06:38:27 (95842 turns).

GloriousHammer the Evocator (Gnoll Cinder Acolyte) Turns: 95842, Time: 06:38:28

Health: -21/342    AC: 12    Str: 33      XL:     27
Magic:  17/17      EV: 37    Int: 35 (38) God:    Cheibriados [******]
Gold:   4944       SH: 21    Dex: 26      Spells: 6/67 levels left

rFire   + . .      SeeInvis +    E - +5 demon whip "Spellbinder" {antimagic, disrupt, Will+}
rCold   + . .      Faith    .    w - +3 kite shield of Winter {Regen+}
rNeg    + + +      Spirit   .    i - +2 robe {rN+}
rPois   +          Reflect  .    o - -2 hat of the Alchemist {rElec rPois rF+ rC+ rN+ Will+ rMut rCorr}
rElec   +          Rampage  .    r - +1 cloak of Experimentation {rElec rF+ Will+}
rCorr   +                        R - +2 pair of gloves
rMut    +                        A - +2 pair of boots
Will    +++++                    Q - amulet of the Middle {RegenMP Regen+} Stlth
                                 W - ring "Ynam" {Will+ rCorr EV+5}
HPRegen 2.37/turn                p - ring of Impatience {rN+ MP+9 Int+3 SInv}
MPRegen 0.55/turn

@: berserking (expiring), corroded, studying 3 skills, very slow
A: fangs 1, strong nose, distributed training, iridescent scales 1,
deterioration 1, low MP 1, no potion heal 1, heat vulnerability 1, inability to
drink after injury 1
}: 6/15 runes: decaying, slimy, silver, abyssal, demonic, gossamer
a: Renounce Religion, Bend Time, Temporal Distortion, Slouch, Step From Time


You were in Pandemonium.
You worshipped Cheibriados.
Cheibriados was exalted by your worship.
You visited 12 branches of the dungeon, and saw 56 of its levels.
You visited Pandemonium 1 time, and saw 4 of its levels.
You visited the Abyss 1 time.
You also visited: Sewer, Bailey, Gauntlet, Ice Cave, Volcano and Wizlab.

You collected 11050 gold pieces.
You spent 6106 gold pieces at shops.

Inventory:

Hand Weapons
 a - a +6 demon whip of electrocution
 b - the +3 Elemental Staff {rElec rF+ rC+ AC+3}
   (You found it on level 2 of the Vaults)

   It enhances your fire, ice, earth and air magic.
   AC:        It affects your AC (+3).
   rF:        It protects you from fire.
   rC:        It protects you from cold.
   rElec:     It insulates you from electricity.
 E - the +5 demon whip "Spellbinder" (weapon) {antimagic, disrupt, Will+}
   (You bought it in a shop on level 15 of the Dungeon)

   Will:      It increases your willpower.
 H - a +9 vampiric broad axe
Missiles
 G - 16 boomerangs
 J - 10 javelins (quivered)
 P - 9 throwing nets
Armour
 c - a +1 tower shield of cold resistance
 i - a +2 robe of positive energy (worn)
 o - the -2 hat of the Alchemist (worn) {rElec rPois rF+ rC+ rN+ Will+ rMut rCorr}
   (You found it in a wizard's laboratory)

   rF:        It protects you from fire.
   rC:        It protects you from cold.
   rElec:     It insulates you from electricity.
   rPois:     It protects you from poison.
   rN:        It protects you from negative energy.
   rCorr:     It protects you from acid and corrosion.
   rMut:      It protects you from mutation.
   Will:      It increases your willpower.
 r - the +1 cloak of Experimentation (worn) {rElec rF+ Will+}
   (You found it on level 4 of the Depths)

   rF:        It protects you from fire.
   rElec:     It insulates you from electricity.
   Will:      It increases your willpower.
 w - the +3 kite shield of Winter (worn) {Regen+}
   (You took it off a minotaur in a Gauntlet)

   Regen:     It increases your rate of health regeneration.
 A - a +2 pair of boots (worn)
 R - a +2 pair of gloves (worn)
Jewellery
 p - the ring of Impatience (right hand) {rN+ MP+9 Int+3 SInv}
   (You found it on level 3 of the Crypt)

   [ring of positive energy]

   Int:       It affects your intelligence (+3).
   rN:        It protects you from negative energy.
   MP:        It affects your magic capacity (+9).
   SInv:      It lets you see invisible.
 v - the ring of the Hurting Enemy {rC+ Int+2 Dex+6}
   (You acquired it in Pandemonium)

   [ring of dexterity]

   Int:       It affects your intelligence (+2).
   Dex:       It affects your dexterity (+6).
   rC:        It protects you from cold.
 F - the ring of Vapir {Will+ Slay+4}
   (You found it on level 1 of the Swamp)

   [ring of slaying]

   Slay:      It affects your accuracy & damage with ranged weapons and melee
   (+4).
   Will:      It increases your willpower.
 L - a ring of flight
 N - the ring "Biutaups" {*Corrode rPois rN+ Will+ Int+2}
   (You found it on level 3 of the Crypt)

   [ring of positive energy]

   Int:       It affects your intelligence (+2).
   rPois:     It protects you from poison.
   rN:        It protects you from negative energy.
   *Corrode:  It may corrode you when you take damage.
   Will:      It increases your willpower.
 Q - the amulet of the Middle (around neck) {RegenMP Regen+}
   (You found it on level 4 of the Lair of Beasts)

   [amulet of magic regeneration]

   It increases your rate of magic regeneration.
   Regen:     It increases your rate of health regeneration.
 T - a +4 ring of protection
 W - the ring "Ynam" (left hand) {Will+ rCorr EV+5}
   (You bought it in a shop on level 1 of the Vaults)

   [ring of evasion]

   EV:        It affects your evasion (+5).
   rCorr:     It protects you from acid and corrosion.
   Will:      It increases your willpower.
 Z - the ring of Goikew {rF+ rCorr Int+3 Stlth+}
   (You found it on level 4 of the Depths)

   [ring of resist corrosion]

   Int:       It affects your intelligence (+3).
   rF:        It protects you from fire.
   rCorr:     It protects you from acid and corrosion.
   Stlth:     It makes you more stealthy.
Wands
 e - a wand of mindburst (62)
 g - a wand of iceblast (52)
 n - a wand of paralysis (53)
 u - a wand of digging (19)
 I - a wand of acid (44)
Scrolls
 f - 5 scrolls of immolation
 m - 22 scrolls of blinking
 s - 7 scrolls of fog
 y - 2 scrolls of silence
 C - a scroll of amnesia
 O - 18 scrolls of fear
 S - 29 scrolls of teleportation
 U - 4 scrolls of butterflies
 V - a scroll of magic mapping
Potions
 h - 4 potions of invisibility
 j - 26 potions of curing
 l - 11 potions of brilliance
 q - 15 potions of mutation
 x - 8 potions of resistance
 z - 2 potions of berserk rage
 B - 11 potions of lignification
 D - 8 potions of magic
 K - 9 potions of might
 M - 6 potions of cancellation
 Y - 16 potions of heal wounds
Miscellaneous
 d - a lightning rod (4/4)
 k - a phantom mirror
 t - a phial of floods
 X - a box of beasts


   Skills:
 + Level 21.2 Fighting
 + Level 20.4 Short Blades
 + Level 23.1 Long Blades
 + Level 20.4 Axes
 + Level 20.4 Maces & Flails
 + Level 22.4 Polearms
 + Level 20.4 Staves
 + Level 20.4 Ranged Weapons
 + Level 20.4 Throwing
 + Level 20.4 Armour
 + Level 20.4 Dodging
 + Level 20.4 Stealth
 + Level 20.4 Shields
 + Level 20.4 Unarmed Combat
 + Level 20.6 Spellcasting
 + Level 17.5 Conjurations
 + Level 17.5 Hexes
 + Level 17.5 Summonings
 + Level 17.5 Necromancy
 + Level 17.5 Translocations
 + Level 17.5 Transmutations
 + Level 18.2 Fire Magic
 + Level 17.5 Ice Magic
 + Level 17.5 Air Magic
 + Level 17.5 Earth Magic
 + Level 17.5 Poison Magic
 + Level 22.1 Invocations
 + Level 23.3 Evocations


You had 6 spell levels left.
You knew the following spells:

 Your Spells              Type           Power      Damage    Failure   Level
a - Statue Form           Tmut/Erth      68%        N/A       1%          6
b - Manifold Assault      Tloc           100%       N/A       0%          4
c - Freezing Cloud        Conj/Ice/Air   51%        6-21      1%          5
d - Starburst             Conj/Fire      51%        6d14      1%          6
e - Wereblood             Tmut           100%       N/A       0%          2
f - Vhi's Electric Charg  Tloc/Air       100%       N/A       0%          3
g - Irradiate             Conj/Tmut      51%        3d28      1%          5
h - Borgnjor's Vile Clut  Necr/Erth      51%        N/A       1%          5
i - Passwall              Tmut/Erth      85%        N/A       0%          2
j - Dispersal             Tloc           51%        N/A       1%          6
k - Sublimation of Blood  Necr           100%       N/A       0%          2
l - Haunt                 Necr/Summ      51%        N/A       1%          7
m - Maxwell's Capacitive  Air            51%        ∞         5%          8

Your spell library contained the following spells:

 Spells                   Type           Power      Damage    Failure   Level
 Apportation              Tloc           100%       N/A       0%          1
 Foxfire                  Conj/Fire      100%       2x1d9     0%          1
 Freeze                   Ice            100%       1d10      0%          1
 Kiss of Death            Conj/Necr      100%       2d13      0%          1
 Magic Dart               Conj           100%       1d8       0%          1
 Necrotise                Necr           100%       1d9       0%          1
 Sandblast                Erth           100%       2d20      0%          1
 Shock                    Conj/Air       100%       1d9       0%          1
 Sting                    Tmut/Pois      100%       1d8       0%          1
 Summon Small Mammal      Summ           100%       N/A       0%          1
 Blink                    Tloc           100%       N/A       0%          2
 Call Imp                 Summ           100%       N/A       0%          2
 Cigotuvi's Dreadful Rot  Necr/Pois/Air  100%       N/A       0%          2
 Ensorcelled Hibernation  Hex/Ice        100%       N/A       0%          2
 Lesser Beckoning         Tloc           100%       N/A       0%          2
 Poisonous Vapours        Pois/Air       100%       N/A       0%          2
 Scorch                   Fire           100%       2d9       0%          2
 Searing Ray              Conj           100%       2d8       0%          2
 Static Discharge         Conj/Air       100%       2-7/arc   0%          2
 Call Canine Familiar     Summ           100%       N/A       0%          3
 Dazzling Flash           Conj/Hex       100%       N/A       0%          3
 Frozen Ramparts          Ice            100%       1d16      0%          3
 Hailstorm                Conj/Ice       100%       3d20      0%          3
 Ignite Poison            Fire/Tmut/Pois 100%       N/A       0%          3
 Mephitic Cloud           Conj/Pois/Air  100%       N/A       0%          3
 Ozocubu's Armour         Ice            100%       N/A       0%          3
 Portal Projectile        Hex/Tloc       100%       N/A       0%          3
 Spider Form              Tmut/Pois      100%       N/A       0%          3
 Summon Guardian Golem    Hex/Summ       100%       N/A       0%          3
 Swiftness                Air            100%       N/A       0%          3
 Vampiric Draining        Necr           100%       2d13      0%          3
 Volatile Blastmotes      Fire/Tloc      100%       2d18      0%          3
 Airstrike                Air            51%        2d(8-24)  0%          4
 Anguish                  Hex/Necr       51%        N/A       0%          4
 Animate Dead             Necr           100%       N/A       0%          4
 Cause Fear               Hex            51%        N/A       0%          4
 Dispel Undead            Necr           100%       3d31      0%          4
 Flame Wave               Conj/Fire      100%       2d21      0%          4
 Fulminant Prism          Conj/Hex       51%        3d22      0%          4
 Ice Form                 Ice/Tmut       100%       N/A       0%          4
 Iskenderun's Mystic Bla  Conj/Tloc      100%       2d19      0%          4
 Leda's Liquefaction      Hex/Erth       51%        N/A       0%          4
 Petrify                  Tmut/Erth      100%       N/A       0%          4
 Sticky Flame             Conj/Fire      100%       2d11      0%          4
 Summon Ice Beast         Ice/Summ       100%       N/A       0%          4
 Summon Lightning Spire   Summ/Air       100%       N/A       0%          4
 Agony                    Necr           100%       N/A       1%          5
 Alistair's Intoxication  Tmut/Pois      68%        N/A       1%          5
 Arcjolt                  Conj/Air       51%        1d61      1%          5
 Blade Hands              Tmut           51%        N/A       1%          5
 Fireball                 Conj/Fire      51%        3d20      1%          5
 Iskenderun's Battlesphe  Conj           100%       2d15      1%          5
 Lee's Rapid Deconstruct  Erth           51%        3d24*     1%          5
 Metabolic Englaciation   Hex/Ice        51%        N/A       1%          5
 Death Channel            Necr           51%        N/A       1%          6
 Eringya's Noxious Bog    Tmut/Pois      51%        N/A       1%          6
 Iron Shot                Conj/Erth      51%        9d10      1%          6
 Plasma Beam              Fire/Air       51%        2x1d72    1%          6
 Simulacrum               Ice/Necr       51%        N/A       1%          6
 Summon Cactus Giant      Summ           51%        N/A       1%          6
 Dragon Form              Tmut           51%        N/A       1%          7
 Orb of Destruction       Conj           51%        9d13      1%          7
 Ozocubu's Refrigeration  Ice            51%        4d18      1%          7
 Spellforged Servitor     Conj/Summ      51%        N/A       1%          7
 Storm Form               Tmut/Air       51%        N/A       1%          7
 Ignition                 Fire           52%        3d14      4%          8
 Borgnjor's Revivificati  Necr           51%        N/A       5%          8
 Disjunction              Tloc           51%        N/A       5%          8
 Infestation              Necr           51%        N/A       5%          8
 Lehudib's Crystal Spear  Conj/Erth      51%        10d12     5%          8
 Necromutation            Tmut/Necr      51%        N/A       5%          8
 Fire Storm               Conj/Fire      51%        8d13      58%         9
 Chain Lightning          Conj/Air       51%        3d68      65%         9
 Death's Door             Necr           51%        N/A       65%         9
 Dragon's Call            Summ           51%        N/A       65%         9


Dungeon Overview and Level Annotations

Branches:
Dungeon (15/15)            Temple (1/1) D:6            Lair (5/5) D:10
  Swamp (4/4) Lair:2       Spider (4/4) Lair:3        Slime (5/5) Lair:5
    Orc (2/2) D:12            Elf (3/3) Orc:2        Vaults (5/5) D:14
  Crypt (3/3) Vaults:3       Tomb (0/3) Crypt:3      Depths (4/4) D:15
    Zot (5/5) Depths:4      Sewer (visited)          Bailey (visited)
  IceCv (visited)         Volcano (visited)          WizLab (visited)
Gauntlet (visited)

Altars:
Ashenzari
Cheibriados
Dithmenos
Elyvilon
Fedhas
Gozag
Hepliaklqana
Kikubaaqudgha
Makhleb
Nemelex Xobeh
Okawaru
Qazlal
Ru
Sif Muna
Trog
Uskayaw
Vehumet
Wu Jian
Xom
Yredelemnul
Zin
The Shining One
Jiyva
Lugonu

Shops:
D:12 [   D:15 (   Orc:1 *   Orc:2 *(?[:   Elf:2 [[*   Elf:3 *   Vaults:1 =(!=(
Vaults:2 :   Vaults:3 =   Depths:1 **([

Portals:
Hell: Depths:1 Depths:2 Depths:3 Depths:4
Abyss: Crypt:3 Depths:1 Depths:3
Pandemonium: Depths:2
Ziggurat: Depths:3

Annotations:
D:5 exclusion: 2 downstairs
D:6 exclusion: downstairs
Lair:2 exclusion: downstairs
Orc:1 2 transporters, kougar's ghost, journeyman MiFi
Zot:5 1 exclusion
Pan Mnoleg


Innate Abilities, Weirdness & Mutations

You have very sharp teeth.
Your uncanny sense of smell can sniff out nearby items.
Your experience applies equally to all skills.
You are partially covered in iridescent scales. (AC +2)
Your body sometimes deteriorates upon taking damage.
Your magical capacity is low. (-10% MP)
Potions are less effective at restoring your health.
You are vulnerable to heat. (rF-)
You occasionally lose the ability to drink potions when taking damage.


Message History

You hear a horrible gurgling sound!
You block the cacodemon's attack. The cacodemon completely misses you.
You thrash Mnoleg!!
Mnoleg's magic leaks into the air.
Sparks of electricity dance between Mnoleg's claws.
Mnoleg resists.
Mnoleg is heavily wounded.
Mnoleg completely misses you. x2; You block Mnoleg's attack. x2
The large abomination completely misses you.
The large abomination misses you.
The white very ugly thing closely misses you.
You hit Mnoleg.
Mnoleg's magic leaks into the air.
Mnoleg is encased in ice.
Mnoleg is heavily wounded.
You block the sixfirhy's attack.
The floating eye gazes piercingly through you!
You suddenly lose the ability to move!
Mnoleg claws you!! Mnoleg tentacle-slaps you!! Mnoleg gores you.
Mnoleg kicks you. The sixfirhy hits you! The sixfirhy shocks you. You resist.
The cacodemon hits you. x2
The large abomination hits you but does no damage. x2
You hear a horrible gurgling sound!
The sixfirhy hits you but does no damage.
The sixfirhy barely misses you. The sixfirhy hits you! The sixfirhy shocks you.
You resist.
The purple very ugly thing basks in the mutagenic energy from its kin and changes!
Mnoleg claws you! Mnoleg tentacle-slaps you! Mnoleg gores you!
Mnoleg kicks you but does no damage.
The sixfirhy hits you but does no damage.
The cacodemon gestures at you. You resist with almost no effort.
The large abomination hits you! The sixfirhy hits you. The sixfirhy shocks you.
You resist.
The sixfirhy hits you but does no damage.
Mnoleg claws you! Mnoleg tentacle-slaps you!! Mnoleg gores you!!
* * * LOW HITPOINT WARNING * * *
Mnoleg kicks you.
* * * LOW HITPOINT WARNING * * *
The cacodemon hits you.
* * * LOW HITPOINT WARNING * * *
The cacodemon hits you but does no damage.
The white very ugly thing engulfs you but does no damage.
The white ugly thing basks in the mutagenic energy from its kin and changes!
The large abomination barely misses you.
Mnoleg falters for a moment.
The cacodemon gestures at you.
Strange energies course through your body.
You feel odd for a moment.
Mnoleg falters for a moment.
The white very ugly thing engulfs you!
* * * LOW HITPOINT WARNING * * *
The white very ugly thing freezes you!! You resist.
* * * LOW HITPOINT WARNING * * *
The large abomination hits you but does no damage.
You can move again.
You are too berserk!
You closely miss Mnoleg. Your bite misses Mnoleg.
Mnoleg is heavily wounded.
The brown very ugly thing gores you.
* * * LOW HITPOINT WARNING * * *
You are splashed with acid.
You resist.
* * * LOW HITPOINT WARNING * * *
You completely miss Mnoleg.
Mnoleg is heavily wounded.
Mnoleg falters for a moment.
The cacodemon completely misses you. You block the cacodemon's attack.
The white very ugly thing basks in the mutagenic energy from its kin and changes!
The large abomination hits you!
* * * LOW HITPOINT WARNING * * *
You closely miss Mnoleg.
Mnoleg is heavily wounded.
You block the sixfirhy's attack. The sixfirhy misses you.
A brown very ugly thing comes into view.
You block Mnoleg's attack. x2; Mnoleg misses you.
Mnoleg completely misses you. The brown very ugly thing gores you!
* * * LOW HITPOINT WARNING * * *
The acid corrodes you!
You are splashed with acid.
You resist.
* * * LOW HITPOINT WARNING * * *
You whack Mnoleg!
Mnoleg's magic leaks into the air.
Mnoleg looks incredibly sick.
Your bite misses Mnoleg.
Mnoleg is heavily wounded.
The sixfirhy hits you.
* * * LOW HITPOINT WARNING * * *
The sixfirhy shocks you. You resist.
* * * LOW HITPOINT WARNING * * *
You block the sixfirhy's attack. You block the cacodemon's attack.
The cacodemon completely misses you.
You block the large abomination's attack.
The sixfirhy misses you.
You hit Mnoleg.
Mnoleg's magic leaks into the air.
Space bends around Mnoleg.
Mnoleg is heavily wounded.
The sixfirhy barely misses you. You block Mnoleg's attack. x2
Mnoleg gores you!
* * * LOW HITPOINT WARNING * * *
Mnoleg closely misses you. The sixfirhy misses you.
The brown very ugly thing basks in the mutagenic energy from its kin and changes!
You completely miss Mnoleg.
Mnoleg is heavily wounded.
The sixfirhy completely misses you.
The brown ugly thing basks in the mutagenic energy from its kin and changes!
You block the cacodemon's attack. The cacodemon hits you.
* * * LOW HITPOINT WARNING * * *
Mnoleg falters for a moment.
The large abomination hits you!!
You die...

#.. .X.# ##..# ##..
#.X# ...# ##.### ...#
..uX ...# #4uu #..#
#3G# #..# ∆ ##Xu##
#..# ##uu&2## #..#
#.Xu@3.## #######..#
#..2##X..# ##........#
#...
##...###.........#
#...
##...###...##....##
...
##...###...###...###
.. ##...###...###...##
.
##....##...###....####
#.........###.........
#........## #.........


You could see Mnoleg (anchored, magic disrupted), a tentacled monstrosity, 6
very ugly things, 2 cacodemons, a white ugly thing, an orange demon, 3 large
abominations, 2 sixfirhies and a floating eye (summoned).

Vanquished Creatures
  the Royal Jelly (Slime:5)
  2 ancient liches (Depths:4)
  9 dread liches
  2 orbs of fire (Zot:4)
  2 juggernauts
  3 pandemonium lords (Pan)
  The ghost of Zogul the Impregnable, a veteran MiGl of Hepliaklqana (Crypt:3)
  Vv (Crypt:2)
  Bai Suzhen (Depths:2)
  The ghost of Olanal the Impregnable, a veteran AtFi of Gozag (Depths:4)
  2 caustic shrikes (Depths:3)
  Xtahua (Crypt:2)
  6 golden dragons
  2 curse toes (Crypt:3)
  2 bone dragons
  Arachne (Spider:2)
  A mutant beast (WizLab)
  A Tzitzimitl (Pan)
  6 Brimstone Fiends (Pan)
  2 hellephants
  2 electric golems (Zot:2)
  2 Ice Fiends (Pan)
  Zenata (Elf:2)
  22 tentacled monstrosities
  2 walking earthen tomes (Depths:3)
  Jorgrun (Elf:2)
  2 walking crystal tomes (Depths:4)
  Mlioglotl (Swamp:4)
  Asterion (Elf:3)
  2 Hell Sentinels (Pan)
  5 liches
  10 titans
  A walking divine tome (Depths:3)
  7 quicksilver dragons
  An Executioner (Pan)
  6 deep elf blademasters
  The ghost of Vioczuc the Bludgeoner, an adept TrCK of Xom (Swamp:1)
  2 tentacled starspawn (Abyss:3)
  6 death cobs
  25 acid blobs
  2 deep elf master archers (Elf:3)
  4 sphinxes
  6 ancient champions
  Agnes (Spider:3)
  5 tengu reavers
  Roxanne (D:14)
  A thorn hunter (Swamp:3)
  14 rockslimes
  Kirke (D:12)
  10 azure jellies
  Donald (Spider:3)
  2 demonspawn warmongers (Pan)
  10 shadow dragons
  7 draconian monks
  10 frost giants
  3 revenants
  15 storm dragons
  A fenstrider witch (Swamp:4)
  2 draconian knights (Zot:1)
  A fenstrider witch (shapeshifter) (Vaults:5)
  2 emperor scorpions
  The ghost of NeonRainbow the Unseen, an adept OpEn of Gozag (Swamp:4)
  13 fire giants
  3 ghost moths
  4 iron dragons (Depths:3)
  4 deep elf elementalists (Elf:3)
  7 balrugs
  5 draconian shifters
  9 vault wardens
  5 spriggan defenders
  6 deep elf sorcerers (Elf:3)
  6 draconian scorchers
  6 cacodemons (Pan)
  4 ghouls
  4 demonspawn corrupters (Pan)
  16 ironbound preservers
  4 orc warlords
  8 broodmothers
  12 draconian annihilators
  A juggernaut skeleton (Crypt:2)
  A curse skull (Crypt:1)
  8 draconian stormcallers
  7 war gargoyles
  11 ironbound thunderhulks
  9 reapers
  21 stone giants
  4 demonspawn blood saints (Pan)
  5 eleionomae
  16 green draconians
  20 quicksilver oozes
  5 deep elf demonologists
  32 very ugly things
  20 black draconians
  A demonspawn black sun (Pan)
  8 vampire knights
  14 purple draconians
  2 bunyips
  6 deep elf annihilators
  10 white draconians
  A lorocyproca (Pan)
  3 spark wasps
  11 red draconians
  7 dire elephants (Vaults:1)
  3 eidola
  A minotaur (Gauntlet)
  12 yellow draconians
  Azrael (Elf:1)
  A merfolk javelineer (Depths:3)
  An ettin (shapeshifter) (Vaults:5)
  16 deep elf death magi
  A mummy priest (Crypt:3)
  4 green deaths
  A merfolk impaler (Depths:2)
  13 ettins
  8 fire dragons
  9 great orbs of eyes
  2 deep elf high priests (Elf:3)
  2 entropy weavers (shapeshifter) (WizLab)
  6 jiangshi
  8 entropy weavers
  4 rakshasas
  16 hydras
  15 yaktaur captains
  3 hell beasts (Pan)
  33 vault guards
  A peacekeeper (Vaults:3)
  2 ghost crabs
  A jorogumo (Spider:4)
  A hydra (shapeshifter) (Vaults:5)
  The ghost of Coda the Cleaver, a journeyman MiBe of Trog (Lair:1)
  14 ice dragons
  7 spriggan air magi
  An ogre mage (Vaults:5)
  5 centaur warriors
  3 ironbound frosthearts
  7 alligators
  6 boulder beetles
  3 radroaches
  30 dancing weapons
  3 two-headed ogres
  8 deep troll shamans
  4 hell hogs (Abyss:3)
  The ghost of mitch45678 the Basher, a novice AtSu of Okawaru (D:8)
  9 death yaks
  2 orc high priests
  A tengu warrior (Depths:3)
  8 vampire magi
  6 deep troll earth magi
  6 spriggan berserkers
  24 sun demons
  2 shock serpents (Zot:2)
  A hell knight (Vaults:5)
  A titan skeleton (Crypt:2)
  A quicksilver ooze zombie (Crypt:1)
  2 thrashing horrors
  A titan zombie (Crypt:3)
  2 skysharks
  A storm dragon zombie (Vaults:4)
  24 deep elf knights
  6 soul eaters
  4 shadow wraiths (Crypt:3)
  2 fire crabs (shapeshifter) (WizLab)
  12 sixfirhies
  A cherub (Pan)
  18 skeletal warriors
  A storm dragon skeleton (Crypt:3)
  2 goliath frogs (Swamp:1)
  6 iron trolls
  6 pharaoh ants
  2 sun moths (Spider:4)
  A skyshark (shapeshifter) (Vaults:5)
  6 spatial maelstroms (Abyss:3)
  A bunyip zombie (Crypt:2)
  6 swamp dragons
  An orange crystal statue (D:11)
  64 deep trolls
  13 orb spiders
  A death drake (Swamp:4)
  11 shadow demons
  6 flayed ghosts
  12 bog bodies
  7 glowing orange brains
  An obsidian statue (Depths:1)
  14 wizards
  7 lindwurms
  3 spriggan druids
  13 deep elf archers
  16 ironbound convokers
  38 deep elf zephyrmancers
  An iron giant skeleton (Crypt:2)
  16 orc knights
  2 wolf spider zombies
  6 steelbarb worms
  A harpy (Vaults:1)
  10 necromancers
  47 deep elf pyromancers
  9 phantasmal warriors
  75 ugly things
  An iron dragon zombie (Depths:1)
  5 manticores
  2 salamanders (Volcano)
  2 stone giant zombies
  3 oklob plants
  23 wolf spiders
  A worldbinder (Abyss:3)
  2 manticores (shapeshifter)
  3 will-o-the-wisps
  A shining eye (shapeshifter) (Depths:3)
  5 shining eyes
  6 orc sorcerers
  7 cyclopes
  2 naga zombies
  A cyclops (shapeshifter) (Elf:3)
  21 moths of wrath
  15 vault sentinels
  A guardian serpent (shapeshifter) (WizLab)
  16 elephants
  An ice statue (IceCv)
  3 black mambas (Lair:2)
  6 centaur zombies (D:12)
  3 smoke demons
  3 molten gargoyles (Volcano)
  A moth of wrath (shapeshifter) (WizLab)
  A frost giant skeleton (Depths:1)
  Maurice (D:11)
  Joseph (D:8)
  A titan simulacrum (Crypt:1)
  6 eyes of devastation
  5 gargoyles
  22 demonic crawlers
  9 orange demons
  Maggie (Lair:2)
  A stone giant skeleton (Depths:1)
  7 torpor snails
  A storm dragon simulacrum (Depths:1)
  9 cane toads
  An unseen horror (D:12)
  A cane toad (shapeshifter) (WizLab)
  2 elephant slug zombies
  6 hellions (Pan)
  6 komodo dragons
  An efreet (D:14)
  A tormentor (Pan)
  3 rime drakes
  8 guardian mummies
  A yaktaur (shapeshifter) (WizLab)
  34 yaktaurs
  3 ice devils
  A komodo dragon (shapeshifter) (WizLab)
  6 tengu conjurers
  A death yak skeleton (Crypt:2)
  A grey draconian skeleton (Crypt:1)
  An orb spider zombie (Crypt:1)
  2 anaconda simulacra
  A catoblepas skeleton (Crypt:2)
  11 meliai
  2 meliai (shapeshifter) (WizLab)
  A red devil (Depths:2)
  14 hornets
  A troll (shapeshifter) (WizLab)
  7 polar bears
  2 polar bears (shapeshifter) (WizLab)
  5 trolls
  A queen bee (shapeshifter) (D:14)
  A hellwing (Pan)
  2 wolf spider simulacra (Gauntlet)
  Prince Ribbit (D:7)
  22 tarantellas
  A blink frog (shapeshifter) (Elf:3)
  7 tyrant leeches
  7 dream sheep
  13 blink frogs
  4 raiju
  A mana viper skeleton (Crypt:3)
  A raiju (shapeshifter) (WizLab)
  An ettin zombie (Depths:1)
  A stone giant simulacrum (Vaults:4)
  36 jumping spiders
  A fire dragon skeleton (Crypt:1)
  21 culicivoras
  An air elemental (Elf:2)
  2 centaur simulacra (Gauntlet)
  A satyr skeleton (Crypt:1)
  2 culicivoras (shapeshifter) (WizLab)
  151 slime creatures
  A jumping spider (shapeshifter) (WizLab)
  10 wraiths
  7 vampires
  2 black mamba zombies (Crypt:1)
  19 spriggans
  2 ettin skeletons
  7 shadows
  3 wyverns
  A yak (shapeshifter) (Vaults:5)
  39 yaks
  A dire elephant simulacrum (IceCv)
  2 hogs (D:13)
  12 water elementals
  A black mamba skeleton (Crypt:1)
  8 small abominations
  16 ynoxinuls
  A hog (shapeshifter) (WizLab)
  2 golden eyes (shapeshifter) (WizLab)
  13 golden eyes
  2 basilisks
  23 fire elementals
  A basilisk (shapeshifter) (Elf:2)
  34 large abominations
  9 vampire mosquitoes
  2 death yak simulacra (IceCv)
  A steam dragon (D:10)
  14 chaos spawn
  13 neqoxecs
  An iron golem (WizLab)
  40 redbacks
  A tyrant leech zombie (Crypt:3)
  A naga (shapeshifter) (D:15)
  An elf skeleton (Vaults:4)
  A faun zombie (Crypt:1)
  3 harpy simulacra
  3 wargs
  2 acid dragons
  A merfolk zombie (Crypt:1)
  11 water moccasins
  14 swamp worms
  A hydra simulacrum (IceCv)
  15 spatial vortices (Abyss:3)
  2 two-headed ogre zombies (D:12)
  A floating eye (shapeshifter) (Crypt:3)
  3 hell hounds (Elf:1)
  2 glowing shapeshifter zombies
  A naga skeleton (Crypt:2)
  7 floating eyes
  Pargi (Sewer)
  5 black bears
  A glowing shapeshifter skeleton (Depths:1)
  A faun skeleton (Crypt:2)
  3 ice beasts
  38 orc warriors
  An ice beast (shapeshifter) (WizLab)
  A snapping turtle zombie (Crypt:3)
  An ice dragon simulacrum (Gauntlet)
  7 ogres
  7 boggarts
  25 wolves
  5 centaurs
  A torpor snail zombie (Crypt:2)
  A phantom (D:12)
  A draconian zombie (Crypt:3)
  16 bullfrogs
  2 necrophages (Crypt:1)
  2 scorpions
  An earth elemental (Elf:1)
  3 cane toad simulacra (IceCv)
  2 two-headed ogre simulacra (IceCv)
  7 wights
  A tengu zombie (Depths:1)
  2 elephant simulacra (IceCv)
  A shapeshifter skeleton (Crypt:1)
  A troll zombie (D:12)
  13 killer bees
  2 howler monkeys
  3 electric eels
  3 hounds
  37 orc priests
  2 gnoll boudas
  4 human zombies (Crypt:1)
  3 iron imps (Gauntlet)
  3 jellies
  5 sleepcaps
  Jessica (D:2)
  A boggart zombie (D:12)
  Natasha (thrice) (D:2)
  A black bear skeleton (Crypt:3)
  42 orc wizards
  An iguana (D:5)
  3 polar bear simulacra (IceCv)
  6 troll simulacra (IceCv)
  5 lightning spires (Zot:2)
  10 spriggan simulacra
  A wolf simulacrum (IceCv)
  5 ogre zombies (D:12)
  An acid dragon skeleton (Crypt:2)
  3 mummies (Crypt:1)
  Robin (D:2)
  14 gnolls
  6 adders
  7 naga simulacra
  5 white imps
  9 ufetubi
  A worm (D:3)
  3 dart slugs
  109 orcs
  7 ball pythons
  2 endoplasms
  2 giant cockroaches (D:5)
  30 goblins
  15 hobgoblins
  2 jackals (D:1)
  6 kobolds
  A quokka (D:2)
  5 bats
  3 frilled lizards
  3 goblin skeletons (D:12)
  A goblin zombie (D:12)
  A hobgoblin skeleton (D:12)
  4 hobgoblin zombies (D:12)
  An orc skeleton (D:12)
  15 orc zombies (D:12)
  6 rats
  A ball lightning (Zot:2)
  A bush (Lair:5)
  2 lurking horrors (Crypt:3)
  6 spectral weapons (Elf:3)
  5 starspawn tentacles (Abyss:3)
2909 creatures vanquished.

Vanquished Creatures (collateral kills)
  2 curse toes
  An Ice Fiend (Pan)
  5 cacodemons (Pan)
  A death yak (Lair:4)
  A soul eater (Pan)
  A sixfirhy (Pan)
  A shining eye (Slime:1)
  A moth of wrath (Zot:4)
  An orange demon (Pan)
  2 ynoxinuls (Pan)
  5 neqoxecs (Pan)
  3 foxfires (Gauntlet)
24 creatures vanquished.

Vanquished Creatures (others)
  A sphinx (Depths:1)
  A demonspawn warmonger (Pan)
  A draconian knight (Zot:2)
  A ghost moth (Zot:3)
  A hydra (Swamp:4)
  A bennu zombie (Crypt:2)
  A dancing weapon (Elf:3)
  A sun demon (Pan)
  3 deep elf knights (Elf:2)
  A wizard (D:14)
  An orange demon (Swamp:4)
  An unseen horror (D:11)
  2 bloated husks
  A slime creature (Slime:5)
  An air elemental (Elf:3)
  3 golden eyes (Abyss:3)
  A human skeleton (Crypt:1)
  4 ball lightnings (Zot:2)
  A bush (Lair:4)
  A demonic plant (Gauntlet)
  48 foxfires
  37 fungi
  65 plants
  5 starspawn tentacles
  2 withered plants (D:12)
185 creatures vanquished.

Grand Total: 3118 creatures vanquished

Notes
Turn   | Place    | Note
-------+----------+-------------------------------------------
     0 | D:1      | GloriousHammer the Gnoll Cinder Acolyte began the quest for
                  | the Orb.
     0 | D:1      | Reached XP level 1. HP: 23/23 MP: 4/4
   251 | D:1      | Reached XP level 2. HP: 29/29 MP: 5/5
   589 | D:1      | Reached XP level 3. HP: 33/35 MP: 7/7
   741 | D:2      | Reached skill level 1 in Invocations
   871 | D:2      | Noticed Natasha
   878 | D:2      | Killed Natasha
   879 | D:2      | Reached skill level 1 in Short Blades
   879 | D:2      | Reached skill level 1 in Axes
   879 | D:2      | Reached skill level 1 in Maces & Flails
   879 | D:2      | Reached skill level 1 in Polearms
   879 | D:2      | Reached skill level 1 in Staves
   879 | D:2      | Reached skill level 1 in Ranged Weapons
   879 | D:2      | Reached skill level 1 in Throwing
   879 | D:2      | Reached skill level 1 in Armour
   879 | D:2      | Reached skill level 1 in Dodging
   879 | D:2      | Reached skill level 1 in Stealth
   879 | D:2      | Reached skill level 1 in Shields
   879 | D:2      | Reached skill level 1 in Unarmed Combat
   879 | D:2      | Reached skill level 1 in Evocations
   879 | D:2      | Reached XP level 4. HP: 31/41 MP: 8/8
  1024 | D:2      | Reached skill level 1 in Conjurations
  1024 | D:2      | Reached skill level 1 in Hexes
  1024 | D:2      | Reached skill level 1 in Summonings
  1024 | D:2      | Reached skill level 1 in Necromancy
  1024 | D:2      | Reached skill level 1 in Translocations
  1024 | D:2      | Reached skill level 1 in Transmutations
  1024 | D:2      | Reached skill level 1 in Ice Magic
  1024 | D:2      | Reached skill level 1 in Air Magic
  1024 | D:2      | Reached skill level 1 in Earth Magic
  1024 | D:2      | Reached skill level 1 in Poison Magic
  1027 | D:2      | Learned a level 2 spell: Scorch
  1237 | D:2      | Noticed Robin
  1276 | D:2      | Killed Robin
  1495 | D:2      | Noticed Jessica
  1498 | D:2      | Killed Jessica
  1499 | D:2      | Reached XP level 5. HP: 47/47 MP: 4/9
  1517 | D:2      | Identified the staff of conjuration "Nep Ateq" {rCorr Int+3
                  | Dex-3}
  1529 | D:2      | Noticed Natasha
  1534 | D:2      | Killed Natasha
  1621 | D:2      | Noticed Natasha
  1625 | D:2      | Killed Natasha
  1801 | D:3      | Found a faded altar of an unknown god.
  1813 | D:3      | Identified the amulet of the Moon {Spirit Rampage rPois rF-
                  | rN++}
  2417 | D:4      | Reached XP level 6. HP: 53/53 MP: 9/11
  2819 | D:4      | Found Laplideg's Magic Scroll Boutique.
  3217 | D:5      | Entered Level 5 of the Dungeon
  3256 | D:5      | Noticed an ice beast
  3271 | D:5      | Killed an ice beast
  3401 | D:5      | Reached XP level 7. HP: 17/60 MP: 2/12
  3509 | D:5      | Found a glowing drain.
  3525 | Sewer    | Entered a sewer
  3708 | Sewer    | Noticed Pargi
  3714 | Sewer    | Killed Pargi
  4662 | D:5      | Reached XP level 8. HP: 67/67 MP: 7/14
  5469 | D:4      | Bought a scroll of identify for 20 gold pieces
  5469 | D:4      | Bought a scroll of fear for 40 gold pieces
  5469 | D:4      | Bought a scroll of identify for 20 gold pieces
  5469 | D:4      | Bought a scroll of identify for 20 gold pieces
  5469 | D:4      | Bought a scroll of teleportation for 30 gold pieces
  5472 | D:4      | Upgraded the game from 0.30-a0-1035-g38d5fb2972 to
                  | 0.30-a0-1043-g60ff8d5f49
  6796 | D:6      | Found a staircase to the Ecumenical Temple.
  7037 | Temple   | Entered the Ecumenical Temple
  8062 | D:6      | Reached XP level 9. HP: 68/73 MP: 2/16
  8092 | D:6      | Reached skill level 5 in Spellcasting
  9597 | D:7      | Noticed Prince Ribbit
  9601 | D:7      | Killed Prince Ribbit
  9602 | D:7      | Reached skill level 5 in Invocations
 10860 | D:8      | Found an opulent altar of Gozag.
 10868 | D:8      | Noticed a hornet
 10891 | D:8      | Found a runed translucent door.
 10891 | D:8      | Noticed mitch45678's ghost (novice AtSu)
 10892 | D:8      | Noticed Joseph
 10923 | D:8      | Killed Joseph
 11022 | D:8      | Reached skill level 5 in Short Blades
 11022 | D:8      | Reached skill level 5 in Axes
 11022 | D:8      | Reached skill level 5 in Maces & Flails
 11022 | D:8      | Reached skill level 5 in Polearms
 11022 | D:8      | Reached skill level 5 in Staves
 11022 | D:8      | Reached skill level 5 in Ranged Weapons
 11022 | D:8      | Reached skill level 5 in Throwing
 11022 | D:8      | Reached skill level 5 in Armour
 11022 | D:8      | Reached skill level 5 in Dodging
 11022 | D:8      | Reached skill level 5 in Stealth
 11022 | D:8      | Reached skill level 5 in Shields
 11022 | D:8      | Reached skill level 5 in Unarmed Combat
 11022 | D:8      | Reached skill level 5 in Evocations
 11022 | D:8      | Reached XP level 10. HP: 81/81 MP: 12/18
 11086 | D:8      | Found a flagged portal.
 11105 | Bailey   | Entered a bailey
 12553 | Bailey   | Noticed an orc warlord
 12574 | Bailey   | Killed an orc warlord
 12962 | D:8      | Acquired 600 gold pieces
 13307 | D:8      | Found a glowing golden altar of the Shining One.
 13308 | D:8      | Found a radiant altar of Vehumet.
 13391 | D:8      | Reached skill level 5 in Conjurations
 13391 | D:8      | Reached skill level 5 in Hexes
 13391 | D:8      | Reached skill level 5 in Summonings
 13391 | D:8      | Reached skill level 5 in Necromancy
 13391 | D:8      | Reached skill level 5 in Translocations
 13391 | D:8      | Reached skill level 5 in Transmutations
 13391 | D:8      | Reached skill level 5 in Ice Magic
 13391 | D:8      | Reached skill level 5 in Air Magic
 13391 | D:8      | Reached skill level 5 in Earth Magic
 13391 | D:8      | Reached skill level 5 in Poison Magic
 13511 | D:8      | Upgraded the game from 0.30-a0-1043-g60ff8d5f49 to
                  | 0.30-a0-1066-g63dfefce0d
 13531 | D:8      | Learned a level 3 spell: Mephitic Cloud
 13535 | D:9      | Paralysed by a hornet for 2 turns
 13539 | D:9      | Reached XP level 11. HP: 44/89 MP: 15/21
 14000 | D:9      | Found a white marble altar of Elyvilon.
 14202 | D:9      | You fall into a shaft and drop 2 floors!
 14223 | D:11     | Noticed a cyclops
 14231 | D:11     | Noticed a manticore
 14234 | D:11     | Killed a cyclops
 14243 | D:11     | Found a gate leading to a gauntlet.
 14254 | D:11     | Killed a manticore
 14265 | Gauntlet | Entered a Gauntlet
 14265 | Gauntlet | Found a transporter.
 14265 | Gauntlet | Found a transporter.
 14265 | Gauntlet | Found a transporter.
 14276 | Gauntlet | Noticed a worldbinder
 14375 | Gauntlet | Found a transporter.
 14376 | Gauntlet | Found a transporter.
 14379 | Gauntlet | Found a transporter.
 14386 | Gauntlet | Found a transporter.
 14388 | Gauntlet | Found a transporter.
 14390 | Gauntlet | Found a transporter.
 14390 | Gauntlet | Found a transporter.
 14390 | Gauntlet | Found a large runed translucent door.
 14391 | Gauntlet | Found a large runed translucent door.
 14392 | Gauntlet | Found a large runed translucent door.
 14392 | Gauntlet | Found a large runed translucent door.
 14392 | Gauntlet | Found a runed translucent door.
 14392 | Gauntlet | Noticed a death yak
 14393 | Gauntlet | Found a large runed translucent door.
 14393 | Gauntlet | Noticed a death yak
 14394 | Gauntlet | Noticed a death yak
 14394 | Gauntlet | Found a large runed translucent door.
 14394 | Gauntlet | Noticed a death yak
 14395 | Gauntlet | Found a large runed translucent door.
 14395 | Gauntlet | Found a large runed translucent door.
 14395 | Gauntlet | Noticed a necromancer
 14396 | Gauntlet | Found a runed translucent gate.
 14396 | Gauntlet | Found a runed translucent gate.
 14396 | Gauntlet | Noticed a death yak
 14398 | Gauntlet | Found a transporter.
 14398 | Gauntlet | Found a transporter.
 14492 | Gauntlet | Found a large runed translucent door.
 14493 | Gauntlet | Found a large runed translucent door.
 14494 | Gauntlet | Found a large runed translucent door.
 14494 | Gauntlet | Found a large runed translucent door.
 14494 | Gauntlet | Found a runed translucent door.
 14495 | Gauntlet | Found a large runed translucent door.
 14496 | Gauntlet | Found a large runed translucent door.
 14497 | Gauntlet | Found a large runed translucent door.
 14497 | Gauntlet | Found a large runed translucent door.
 14498 | Gauntlet | Found a runed translucent gate.
 14652 | Gauntlet | Learned a level 5 spell: Freezing Cloud
 14937 | Gauntlet | Identified the +4 great sword of Useonis {vamp, +Blink rN++
                  | Will- Str+2}
 15353 | Gauntlet | Identified the +4 mace of Building Certain Death {heavy,
                  | rF+ rC+ Str+3 Dex-4}
 15353 | Gauntlet | Identified the +3 kite shield of Winter {Regen+}
 15353 | Gauntlet | Noticed a minotaur
 15376 | Gauntlet | Killed a minotaur
 15597 | D:10     | Entered Level 10 of the Dungeon
 17601 | D:10     | Found a hide-covered altar of Uskayaw.
 18408 | D:10     | Reached XP level 12. HP: 96/97 MP: 14/23
 18507 | D:10     | Found a staircase to the Lair.
 19080 | Lair:1   | Entered Level 1 of the Lair of Beasts
 19539 | Lair:1   | Upgraded the game from 0.30-a0-1066-g63dfefce0d to
                  | 0.30-a0-1074-g5db6f66fbb
 19876 | D:10     | Reached skill level 10 in Fighting
 19876 | D:10     | Reached skill level 10 in Long Blades
 20418 | Lair:1   | Found a transporter.
 20418 | Lair:1   | Noticed Coda's ghost (journeyman MiBe)
 21207 | Lair:1   | Found a transporter.
 21522 | D:8      | Noticed a two-headed ogre
 21541 | D:8      | Killed a two-headed ogre
 21958 | Lair:1   | Learned a level 4 spell: Sticky Flame
 22052 | Lair:2   | Noticed Maggie
 22067 | Lair:2   | Noticed a seven-headed hydra
 22069 | Lair:2   | Killed Maggie
 22217 | Lair:2   | Killed a seven-headed hydra
 22223 | Lair:2   | Reached XP level 13. HP: 52/104 MP: 25/25
 22234 | Lair:2   | Found a frozen archway.
 22244 | IceCv    | Entered an ice cave
 24932 | Lair:2   | You fall into a shaft and drop 2 floors!
 25530 | Lair:2   | Found a staircase to the Swamp.
 25875 | D:4      | Bought a scroll of enchant armour for 75 gold pieces
 25875 | D:4      | Bought a scroll of brand weapon for 95 gold pieces
 25875 | D:4      | Bought a scroll of teleportation for 30 gold pieces
 25875 | D:4      | Bought a scroll of poison for 40 gold pieces
 27125 | Lair:3   | Found a sacrificial altar of Ru.
 27136 | Lair:3   | Found a hole to the Spider Nest.
 28647 | Lair:4   | Reached XP level 14. HP: 103/113 MP: 27/27
 28651 | Lair:4   | Reached skill level 10 in Invocations
 29341 | Temple   | Fell from the grace of Ignis
 29341 | Temple   | Became a worshipper of Cheibriados the Contemplative
 29466 | D:8      | Killed mitch45678's ghost
 29890 | Lair:4   | Identified the amulet of the Middle {RegenMP Regen+}
 30104 | Lair:5   | Entered Level 5 of the Lair of Beasts
 30301 | Lair:5   | Found a viscous altar of Jiyva.
 30302 | Lair:5   | Found a staircase to the Slime Pits.
 30616 | Lair:5   | Reached skill level 10 in Spellcasting
 30618 | Lair:5   | Reached * piety under Cheibriados
 31959 | Lair:5   | Reached ** piety under Cheibriados
 32275 | Lair:5   | Reached *** piety under Cheibriados
 32284 | Lair:5   | Reached skill level 10 in Fire Magic
 33448 | Lair:5   | Learned a level 3 spell: Ozocubu's Armour
 33548 | D:11     | Noticed Maurice
 33564 | D:11     | Killed Maurice
 33825 | D:11     | Reached skill level 10 in Short Blades
 33825 | D:11     | Reached skill level 10 in Axes
 33825 | D:11     | Reached skill level 10 in Maces & Flails
 33825 | D:11     | Reached skill level 10 in Polearms
 33825 | D:11     | Reached skill level 10 in Staves
 33825 | D:11     | Reached skill level 10 in Ranged Weapons
 33825 | D:11     | Reached skill level 10 in Throwing
 33825 | D:11     | Reached skill level 10 in Armour
 33825 | D:11     | Reached skill level 10 in Dodging
 33825 | D:11     | Reached skill level 10 in Stealth
 33825 | D:11     | Reached skill level 10 in Shields
 33825 | D:11     | Reached skill level 10 in Unarmed Combat
 33825 | D:11     | Reached skill level 10 in Evocations
 34118 | D:11     | Identified the +0 robe of the Storm King {Archmagi}
 34278 | D:11     | Reached **** piety under Cheibriados
 35358 | D:12     | You fall into a shaft and drop 1 floor!
 35358 | D:13     | Was forgiven by Ignis
 35376 | D:13     | Reached XP level 15. HP: 115/120 MP: 29/29
 35506 | D:13     | Noticed Kirke
 35806 | D:12     | Found Daveer's Antique Armour Shop.
 35956 | D:12     | Reached ***** piety under Cheibriados
 36108 | D:12     | Found a staircase to the Orcish Mines.
 36573 | D:12     | Learned a level 3 spell: Vhi's Electric Charge
 36584 | D:12     | Learned a level 5 spell: Irradiate
 37555 | D:12     | Upgraded the game from 0.30-a0-1074-g5db6f66fbb to
                  | 0.30-a0-1075-gcd70e7a56d
 37700 | D:12     | Found a staircase to the Orcish Mines.
 37789 | D:12     | Killed Kirke
 39130 | D:13     | Upgraded the game from 0.30-a0-1075-gcd70e7a56d to
                  | 0.30-a0-1082-g70414cbcbb
 39363 | D:14     | Noticed Roxanne
 39447 | D:14     | Reached ****** piety under Cheibriados
 39757 | D:14     | Found a gate to the Vaults.
 40451 | D:14     | Upgraded the game from 0.30-a0-1082-g70414cbcbb to
                  | 0.30-a0-1085-g990a428a5c
 40522 | D:14     | Killed Roxanne
 40641 | D:15     | Entered Level 15 of the Dungeon
 41554 | D:15     | Found a radiant altar of Vehumet.
 42312 | D:15     | Found Noaneargha's Weapon Emporium.
 42481 | D:15     | Got Letroudgh's Dissertation on Baneful Battle Magic
 42516 | D:15     | Found a hide-covered altar of Uskayaw.
 42589 | D:15     | Reached XP level 16. HP: 129/129 MP: 31/31
 42602 | D:15     | Found a staircase to the Depths.
 43325 | Orc:1    | Entered Level 1 of the Orcish Mines
 44235 | Orc:1    | Found a transporter.
 44240 | Orc:1    | Found a bloodstained altar of Trog.
 44242 | Orc:1    | Found a transporter.
 44248 | Orc:1    | Noticed kougar's ghost (journeyman MiFi)
 44309 | Orc:1    | You fall into a shaft and drop 1 floor!
 44309 | Orc:2    | Entered Level 2 of the Orcish Mines
 44370 | Orc:2    | Found Teefoik's Vocational Training.
 44424 | Orc:2    | Found a dark tunnel.
 44443 | Volcano  | Entered a volcano
 45217 | Volcano  | Noticed an orb of fire
 45241 | Volcano  | Noticed an orb of fire
 46012 | Orc:2    | Found Ceicalal's Armour Emporium.
 46012 | Orc:2    | Found Bununas's Antique Weapon Shoppe.
 46017 | Orc:2    | Found Esegab's Assorted Antiques.
 46030 | Orc:2    | Found Sonem's Magic Scroll Emporium.
 46038 | Orc:2    | Bought a scroll of identify for 30 gold pieces
 46038 | Orc:2    | Bought 3 scrolls of blinking for 337 gold pieces
 46039 | Orc:2    | Bought a scroll of enchant weapon for 112 gold pieces
 46039 | Orc:2    | Bought a scroll of enchant weapon for 112 gold pieces
 46226 | Orc:2    | Found a staircase to the Elven Halls.
 46332 | Orc:1    | Found Nehouqi's Assorted Antiques.
 46340 | Orc:1    | Bought a scroll of enchant weapon for 255 gold pieces
 46894 | Lair:1   | Killed Coda's ghost
 46901 | Lair:1   | Got the Excursus on Violence and Feathers
 47143 | Swamp:1  | Entered Level 1 of the Swamp
 47665 | Swamp:1  | Found a runed translucent gate.
 47665 | Swamp:1  | Found a runed translucent gate.
 47665 | Swamp:1  | Found a runed translucent gate.
 47666 | Swamp:1  | Noticed Vioczuc's ghost (adept TrCK)
 48622 | Swamp:2  | You fall into a shaft and drop 1 floor!
 48828 | Swamp:3  | Noticed a thorn hunter
 48836 | Swamp:3  | Killed a thorn hunter
 49425 | Swamp:4  | Entered Level 4 of the Swamp
 49432 | Swamp:4  | Found a runed translucent door.
 49437 | Swamp:4  | Noticed NeonRainbow's ghost (adept OpEn)
 49455 | Swamp:4  | Reached XP level 17. HP: 120/137 MP: 11/33
 49661 | Swamp:4  | Reached skill level 10 in Conjurations
 49661 | Swamp:4  | Reached skill level 10 in Hexes
 49661 | Swamp:4  | Reached skill level 10 in Summonings
 49661 | Swamp:4  | Reached skill level 10 in Necromancy
 49661 | Swamp:4  | Reached skill level 10 in Translocations
 49661 | Swamp:4  | Reached skill level 10 in Transmutations
 49661 | Swamp:4  | Reached skill level 10 in Ice Magic
 49661 | Swamp:4  | Reached skill level 10 in Air Magic
 49661 | Swamp:4  | Reached skill level 10 in Earth Magic
 49661 | Swamp:4  | Reached skill level 10 in Poison Magic
 50105 | Swamp:4  | Noticed Mlioglotl
 50108 | Swamp:4  | Noticed a tentacled monstrosity
 50124 | Swamp:4  | Noticed a tentacled starspawn
 50302 | Swamp:4  | Killed a tentacled monstrosity
 50338 | Swamp:4  | Noticed a tentacled starspawn
 50344 | Swamp:4  | Killed Mlioglotl
 50443 | Swamp:4  | Got a decaying rune of Zot
 50556 | Swamp:4  | Killed NeonRainbow's ghost
 50567 | Swamp:4  | Got the Book of Shifting Causimancy
 50580 | Swamp:4  | Learned a level 3 spell: Portal Projectile
 50640 | Swamp:1  | Killed Vioczuc's ghost
 50778 | Swamp:1  | Identified the ring of Vapir {Will+ Slay+4}
 50981 | Spider:1 | Entered Level 1 of the Spider Nest
 52749 | Spider:2 | Reached XP level 18. HP: 145/145 MP: 34/34
 52749 | Spider:2 | Noticed Arachne
 52761 | Spider:2 | Killed Arachne
 53951 | Spider:3 | Noticed Donald
 53965 | Spider:3 | Killed Donald
 54241 | Spider:3 | Noticed Agnes
 54251 | Spider:3 | Killed Agnes
 55037 | Spider:4 | Entered Level 4 of the Spider Nest
 56201 | Spider:4 | Got a gossamer rune of Zot
 56897 | Vaults:1 | Entered Level 1 of the Vaults
 57176 | Vaults:1 | Found Acotuub's Jewellery Boutique.
 57195 | Vaults:1 | Found Kiraw's Antique Weapon Shoppe.
 57212 | Vaults:1 | Reached XP level 19. HP: 100/153 MP: 36/36
 57354 | Vaults:1 | Bought the ring "Ynam" {Will+ rCorr EV+5} for 867 gold
                  | pieces
 57370 | Vaults:1 | Found Zucat's Distillery.
 58187 | Vaults:1 | Found Seisaew's Antique Weapon Emporium.
 58518 | Vaults:1 | Found Ruesmiz's Jewellery Boutique.
 58543 | Vaults:1 | Bought a ring of see invisible for 255 gold pieces
 58894 | Vaults:2 | Reached skill level 15 in Fighting
 58894 | Vaults:2 | Reached skill level 15 in Long Blades
 58970 | Vaults:2 | Identified the +1 pair of gloves of Indemnity {rPois rN+
                  | Str-4 Stlth+}
 59075 | Vaults:2 | Found the +3 Elemental Staff {rElec rF+ rC+ AC+3}
 59116 | Vaults:2 | Got the Lessons on Violence
 60044 | Vaults:2 | Found Hecauxih's Book Shoppe.
 60054 | Vaults:2 | Bought a book of Burglary for 260 gold pieces
 60551 | Vaults:2 | Reached skill level 15 in Invocations
 61283 | D:12     | Bought a wizard robe for 159 gold pieces
 61283 | D:12     | Identified the +1 robe of the Stars {*Corrode rElec rN+
                  | Int+3} (You bought it in a shop on level 12 of the Dungeon)
 61364 | D:12     | Learned a level 2 spell: Passwall
 62084 | Vaults:3 | Reached XP level 20. HP: 142/162 MP: 38/38
 62444 | Vaults:3 | Found Doapt's Jewellery Emporium.
 62657 | Vaults:3 | Learned a level 6 spell: Statue Form
 63417 | Vaults:3 | Found a staircase to the Crypt.
 63417 | Vaults:3 | Found an ancient bone altar of Kikubaaqudgha.
 63417 | Vaults:3 | Found a basalt altar of Yredelemnul.
 65043 | Vaults:4 | Found the +4 Cigotuvi's embrace {Corpsefed rMiasma Drain
                  | rN+}
 65415 | Vaults:4 | Upgraded the game from 0.30-a0-1085-g990a428a5c to
                  | 0.30-a0-1094-g860fb061e7
 65634 | D:11     | Learned a level 6 spell: Dispersal
 65639 | D:11     | Learned a level 4 spell: Manifold Assault
 65646 | D:11     | Learned a level 6 spell: Starburst
 65709 | Elf:1    | Entered Level 1 of the Elven Halls
 65718 | Elf:1    | Noticed Azrael
 65726 | Elf:1    | Killed Azrael
 65813 | Elf:1    | Reached XP level 21. HP: 170/170 MP: 39/39
 66124 | Elf:1    | Reached skill level 15 in Spellcasting
 67155 | D:12     | Bought an embroidered robe for 103 gold pieces
 67155 | D:12     | Bought a glowing robe for 103 gold pieces
 67578 | Elf:2    | Noticed Jorgrun
 67586 | Elf:2    | Killed Jorgrun
 67665 | Elf:2    | Noticed Zenata
 67674 | Elf:2    | Killed Zenata
 67841 | Elf:2    | Found a runed translucent gate.
 67842 | Elf:2    | Found a runed translucent gate.
 67842 | Elf:2    | Found a runed translucent gate.
 67882 | Elf:2    | Found Uzaleossa's Antique Armour Shop.
 67937 | Elf:2    | Found Vusas's Antique Armour Shop.
 67940 | Elf:2    | Bought a glowing cloak for 292 gold pieces
 68062 | Elf:2    | Found Sigoc's General Store.
 68369 | Elf:2    | Reached skill level 15 in Short Blades
 68369 | Elf:2    | Reached skill level 15 in Axes
 68369 | Elf:2    | Reached skill level 15 in Maces & Flails
 68369 | Elf:2    | Reached skill level 15 in Polearms
 68369 | Elf:2    | Reached skill level 15 in Staves
 68369 | Elf:2    | Reached skill level 15 in Ranged Weapons
 68369 | Elf:2    | Reached skill level 15 in Throwing
 68369 | Elf:2    | Reached skill level 15 in Armour
 68369 | Elf:2    | Reached skill level 15 in Dodging
 68369 | Elf:2    | Reached skill level 15 in Stealth
 68369 | Elf:2    | Reached skill level 15 in Shields
 68369 | Elf:2    | Reached skill level 15 in Unarmed Combat
 68369 | Elf:2    | Reached skill level 15 in Evocations
 68778 | Elf:3    | Entered Level 3 of the Elven Halls
 68957 | Elf:3    | Found the +12 pair of quick blades "Gyre" and "Gimble"
                  | {protect}
 69135 | Elf:3    | Identified the +2 leather armour "Nacwe" {rN+ Str-2 Dex+2
                  | SInv}
 69194 | Elf:3    | Reached XP level 22. HP: 179/179 MP: 28/41
 69221 | Elf:3    | Found Hiut's Assorted Antiques.
 69227 | Elf:3    | Bought a scroll of magic mapping for 247 gold pieces
 69454 | Elf:3    | Noticed Asterion
 69469 | Elf:3    | Killed Asterion
 69474 | Elf:3    | Killed the ghostly Asterion
 69481 | Elf:3    | Identified the +5 mace of Equivalence {antimagic, rF+
                  | Dex+3}
 69502 | Elf:3    | Identified the +0 plate armour "Tieh" {*Slow rF- Will+++
                  | Slay+6}
 69552 | Elf:3    | Identified the ring of Tulips {rPois Dex+4}
 69651 | Elf:3    | Identified the staff of poison "Peiqett" {Fly rPois Int+6
                  | Dex+4}
 69653 | Elf:3    | Got the Compendium of the Syncline and Jinxing
 69666 | Elf:3    | Identified the staff of conjuration "Pyph" {Dex+3}
 69667 | Elf:3    | Identified the staff of air "Filasuosu" {rElec rF+++ rC-
                  | SInv}
 69952 | Depths:1 | Entered Level 1 of the Depths
 70136 | Depths:1 | Found a corrupted altar of Lugonu.
 70276 | Depths:1 | Found a gateway to Hell.
 70356 | Depths:1 | Found Heole's Antique Weapon Boutique.
 70356 | Depths:1 | Found Dymn's Assorted Antiques.
 70358 | Depths:1 | Found Edeefeog's Armour Boutique.
 70359 | Depths:1 | Found Uzaps's Assorted Antiques.
 70475 | Depths:1 | Found a one-way gate to the infinite horrors of the Abyss.
 70585 | Depths:1 | Noticed a golden dragon
 70600 | Depths:1 | Killed a golden dragon
 70834 | Depths:1 | Reached XP level 23. HP: 187/187 MP: 43/43
 71048 | Depths:2 | Upgraded the game from 0.30-a0-1094-g860fb061e7 to
                  | 0.30-a0-1103-g25895a7845
 71376 | Depths:2 | Found a one-way gate leading to the halls of Pandemonium.
 71687 | Depths:2 | Noticed Bai Suzhen
 71699 | Depths:2 | Killed Bai Suzhen
 72263 | Depths:2 | Noticed a juggernaut
 72266 | Depths:2 | Noticed a golden dragon
 72275 | Depths:2 | Killed a golden dragon
 72281 | Depths:2 | Killed a juggernaut
 72330 | Depths:2 | Got the Omnibus of Shapeshifting
 72855 | Depths:3 | Noticed a juggernaut
 72870 | Depths:3 | Killed a juggernaut
 72936 | Depths:3 | Noticed a caustic shrike
 72940 | Depths:3 | Noticed a caustic shrike
 72945 | Depths:3 | Killed a caustic shrike
 72954 | Depths:3 | Killed a caustic shrike
 73140 | Depths:3 | Identified the +8 mace of Overwhelming Force {heavy, rCorr
                  | Int+5 Dex-5 SInv}
 73154 | Depths:3 | Noticed a dread lich
 73169 | Depths:3 | Killed a dread lich
 73175 | Depths:3 | Reached skill level 15 in Fire Magic
 73231 | Depths:3 | Identified the +2 ring mail of Fufreppi {Slay+4}
 73238 | Depths:3 | Found a one-way gateway to a ziggurat.
 73263 | Depths:3 | Got the Almanac of Modification
 73269 | Depths:3 | Identified the staff of air "Korizu" {rElec rN+ Int+5}
 73304 | Depths:3 | Identified the staff of death "Koqaud" {rElec rN+ Dex+5}
 73570 | Depths:3 | Reached XP level 24. HP: 197/197 MP: 31/43
 74237 | Depths:4 | Entered Level 4 of the Depths
 74237 | Depths:4 | Found a runed translucent gate.
 74244 | Depths:4 | Found a runed translucent gate.
 74244 | Depths:4 | Found an ancient bone altar of Kikubaaqudgha.
 74244 | Depths:4 | Found a runed translucent gate.
 74284 | Depths:4 | Noticed a dread lich
 74285 | Depths:4 | Noticed an ancient lich
 74285 | Depths:4 | Noticed Olanal's ghost (veteran AtFi)
 74286 | Depths:4 | Noticed an ancient lich
 74442 | Depths:4 | Found a gate to the Realm of Zot.
 74820 | Depths:4 | Killed an ancient lich
 74829 | Depths:4 | Killed an ancient lich
 74835 | Depths:4 | Killed a dread lich
 74863 | Depths:4 | Killed Olanal's ghost
 74868 | Depths:4 | Identified the staff of conjuration "Ijuywkygh" {+Blink rN+
                  | Str+4 Stlth-}
 74871 | Depths:4 | Got Kikubaaqudgha's Compendium of Maleficent Deeds
 74874 | Depths:4 | Identified the +1 cloak of Experimentation {rElec rF+
                  | Will+}
 74877 | Depths:4 | Identified the ring of Goikew {rF+ rCorr Int+3 Stlth+}
 74916 | Depths:4 | Learned a level 2 spell: Sublimation of Blood
 74924 | Depths:4 | Learned a level 7 spell: Haunt
 75220 | D:15     | Bought the +5 demon whip "Spellbinder" {antimagic, disrupt,
                  | Will+} for 1404 gold pieces
 75220 | D:15     | Found the +5 demon whip "Spellbinder" {antimagic, disrupt,
                  | Will+}
 75306 | Orc:2    | Bought a manual of Evocations for 1200 gold pieces
 75523 | Crypt:1  | Entered Level 1 of the Crypt
 76430 | Crypt:2  | Noticed Vv
 76452 | Crypt:2  | Noticed Xtahua
 76455 | Crypt:2  | Killed Vv
 76459 | Crypt:2  | Killed Xtahua
 76540 | Crypt:2  | Found a magical portal.
 76556 | WizLab   | Entered Cigotuvi's Fleshworks
 76557 | WizLab   | Upgraded the game from 0.30-a0-1103-g25895a7845 to
                  | 0.30-a0-1112-gfb780f5df6
 76814 | WizLab   | Paralysed by a floating eye for 4 turns
 76874 | WizLab   | Found the -2 hat of the Alchemist {rElec rPois rF+ rC+ rN+
                  | Will+ rMut rCorr}
 77234 | WizLab   | Got the Collected Works on Transfiguration
 77242 | WizLab   | Got the Anthology of Transformation
 77244 | WizLab   | Got Cigotuvi's Thoughts on Death
 77251 | WizLab   | Learned a level 2 spell: Wereblood
 77356 | Crypt:2  | Reached XP level 25. HP: 202/202 MP: 32/44
 77975 | Crypt:3  | Entered Level 3 of the Crypt
 78109 | Crypt:3  | Identified the +5 battleaxe of Turmoil {flame, *Corrode
                  | rElec rPois Int+4}
 78199 | Crypt:3  | Found a transporter.
 78207 | Crypt:3  | Noticed Zogul's ghost (veteran MiGl)
 78217 | Crypt:3  | Found a transporter.
 78504 | Crypt:3  | Found a staircase to the Tomb.
 78759 | Crypt:3  | Learned a level 5 spell: Borgnjor's Vile Clutch
 78767 | Crypt:3  | Noticed a dread lich
 78767 | Crypt:3  | Noticed a dread lich
 78774 | Crypt:3  | Killed a dread lich
 78830 | Crypt:3  | Killed a dread lich
 78848 | Crypt:3  | Noticed a dread lich
 78856 | Crypt:3  | Killed a dread lich
 79054 | Crypt:3  | Identified the ring of Impatience {rN+ MP+9 Int+3 SInv}
 79054 | Crypt:3  | Identified the ring of Oteebiv {rPois rN+ Str-3 Stlth+}
 79054 | Crypt:3  | Identified the ring "Biutaups" {*Corrode rPois rN+ Will+
                  | Int+2}
 79222 | Crypt:3  | Reached skill level 15 in Conjurations
 79222 | Crypt:3  | Reached skill level 15 in Hexes
 79222 | Crypt:3  | Reached skill level 15 in Summonings
 79222 | Crypt:3  | Reached skill level 15 in Necromancy
 79222 | Crypt:3  | Reached skill level 15 in Translocations
 79222 | Crypt:3  | Reached skill level 15 in Transmutations
 79222 | Crypt:3  | Reached skill level 15 in Ice Magic
 79222 | Crypt:3  | Reached skill level 15 in Air Magic
 79222 | Crypt:3  | Reached skill level 15 in Earth Magic
 79222 | Crypt:3  | Reached skill level 15 in Poison Magic
 79242 | Crypt:3  | Killed Zogul's ghost
 79373 | Crypt:3  | Voluntarily entered the Abyss.
 79375 | Abyss:1  | Found a corrupted altar of Lugonu.
 79591 | Abyss:3  | Got an abyssal rune of Zot
 79647 | Crypt:3  | Escaped the Abyss
 80275 | Slime:1  | Entered Level 1 of the Pits of Slime
 80941 | Slime:2  | Gained mutation: You are partially covered in iridescent
                  | scales. (AC +2) [a shining eye]
 81470 | Slime:4  | Reached XP level 26. HP: 213/213 MP: 1/45
 81850 | Slime:5  | Entered Level 5 of the Pits of Slime
 81938 | Slime:5  | Noticed the Royal Jelly
 81955 | Slime:5  | Killed the Royal Jelly
 82235 | Slime:5  | Identified the +8 battleaxe of Juabich {venom, rC+}
 82243 | Slime:5  | Got a slimy rune of Zot
 82246 | Slime:5  | Identified the +6 hand crossbow of Pride {speed, Fly rC+
                  | Dex+3}
 82298 | Slime:5  | Got the Directory of Mutagenic Open Graves
 82303 | Slime:5  | Identified the +6 flail of Propriety {vamp, Will+++ rCorr
                  | MP+9 Str-3}
 82317 | Slime:5  | Identified the +8 sling "Guopsa Ciatt" {freeze, Stlth+}
 82320 | Slime:5  | Identified the +9 shortbow of Blue Watchfulness {freeze,
                  | *Corrode Will+ Dex+3 Stlth+}
 83287 | Vaults:5 | Entered Level 5 of the Vaults
 84162 | Vaults:5 | Noticed a dread lich
 84182 | Vaults:5 | Killed a dread lich
 84214 | Vaults:5 | Upgraded the game from 0.30-a0-1112-gfb780f5df6 to
                  | 0.30-a0-1114-gd936c97349
 84218 | Vaults:5 | Identified the staff of poison "Poikit" {+Blink rPois Str+3
                  | Dex-3}
 84235 | Vaults:5 | Reached XP level 27. HP: 222/222 MP: 16/45
 84294 | Vaults:5 | Noticed a dread lich
 84301 | Vaults:5 | Killed a dread lich
 84303 | Vaults:5 | Noticed a dread lich
 84311 | Vaults:5 | Killed a dread lich
 84324 | Vaults:5 | Noticed a dread lich
 84329 | Vaults:5 | Killed a dread lich
 84739 | Vaults:5 | Identified the +0 plate armour "Pasuinti" {rElec rN+++
                  | Int+3 Dex-3}
 84757 | Vaults:5 | Identified the staff of poison "Caokk" {rPois Dex+4 SInv}
 85366 | Vaults:5 | Identified the +6 falchion of Theory {antimagic, Int+3}
 85439 | Vaults:5 | Got a silver rune of Zot
 86371 | Zot:1    | Entered Level 1 of the Realm of Zot
 87047 | Zot:1    | Identified the +7 rapier of the Big Bang {holy, rF+++ rCorr
                  | Dex-4 SInv}
 89827 | Zot:3    | Identified the staff of conjuration "Fulukkom" {rC++ rN+
                  | Str-3}
 90253 | Zot:4    | Noticed an orb of fire
 90270 | Zot:4    | Learned a level 8 spell: Maxwell's Capacitive Coupling
 90279 | Zot:4    | Killed an orb of fire
 90693 | Zot:4    | Noticed an orb of fire
 90709 | Zot:4    | Killed an orb of fire
 90939 | Zot:5    | Entered Level 5 of the Realm of Zot
 92532 | Pan      | Entered Pandemonium
 92547 | Pan      | Acquired the ring of the Hurting Enemy {rC+ Int+2 Dex+6}
 92630 | Pan      | Noticed Zisor the pandemonium lord
 92638 | Pan      | Killed Zisor the pandemonium lord
 94133 | Pan      | Noticed Jimaotto the pandemonium lord
 94145 | Pan      | Killed Jimaotto the pandemonium lord
 94571 | Pan      | Acquired 446 gold pieces
 94575 | Pan      | Gained mutation: Potions are less effective at restoring
                  | your health. [a neqoxec]
 95067 | Pan      | Noticed Ybraph the pandemonium lord
 95071 | Pan      | Killed Ybraph the pandemonium lord
 95087 | Pan      | Got a demonic rune of Zot
 95398 | Pan      | Entered the realm of Mnoleg.
 95406 | Pan      | Noticed Mnoleg
 95406 | Pan      | Gained mutation: You occasionally lose the ability to drink
                  | potions when taking damage. [a neqoxec]
 95440 | Pan      | Found an exit through the horrors of the Abyss.
 95747 | Pan      | Gained mutation: Your magical capacity is low. (-10% MP) [a
                  | cacodemon]
 95747 | Pan      | Gained mutation: Your body sometimes deteriorates upon
                  | taking damage. [a cacodemon]
 95817 | Pan      | Paralysed by a floating eye for 4 turns
 95819 | Pan      | Gained mutation: You are vulnerable to heat. (rF-)
                  | [Mnoleg's mutagenic touch]
 95833 | Pan      | Paralysed by a floating eye for 3 turns
 95841 | Pan      | HP: 10/342 [Mnoleg (9)]
 95842 | Pan      | Demolished by a large abomination

Illustrated notes

Levels and vault maps discovered:
D:1:      minmay_arrival_shattered_statue, layout_rooms, nicolae_eternal_life
D:2:      layout_rooms, uniq_robin, uniq_jessica, uniq_natasha
D:3:      layout_basic, dreamdust_ecumenical_altar_grove, st_stairs_12
D:4:      layout_basic, serial_shops, nicolae_take_the_stairs,
          grunt_decor_one_mirror
D:5:      layout_loops_corners, portal_sewer_entry_a, small_statue_intersection
D:6:      layout_gridville, minmay_temple_entry_gardened_gates,
          kennysheep_generic_room_10
D:7:      layout_loops_ring, serial_rivers, chequers_serial_rivers_marsh,
          chequers_serial_rivers_micro_c, chequers_serial_rivers_small_b,
          chequers_serial_rivers_micro_b, chequers_serial_rivers_micro_a,
          uniq_prince_ribbit1
D:8:      layout_rooms, nicolae_gozag_seed_capital,
          mainiacjoe_overflow_divided_tiny, enter_bailey_4,
          hellmonk_ghost_happy_afterlife, uniq_joseph
D:9:      layout_loops_cross, elyvilon_altar_5
D:10:     layout_roguey, mainiacjoe_overflow_six_doors_small,
          grunt_lair_entry_orc_guard_hut, minmay_misc_feat_rows
D:11:     layout_irregular_city, gauntlet_entry_generic,
          minmay_protected_statue, uniq_maurice
D:12:     layout_loops_ring, zombieorc2_lemuel, serial_shops,
          nicolae_inconvenience_store, serial_undead, serial_undead_d,
          serial_undead_a, serial_undead_d, serial_undead_e, serial_undead_a
D:13:     layout_rooms, uniq_kirke
D:14:     layout_loops_cross, david_vaults_4, serial_park_fountain,
          statue_in_the_mist_lemuel, uniq_roxanne
D:15:     gammafunk_enter_depths_forms, layout_stronghold,
          hangedman_decor_opposing, serial_shops, shop_statue,
          hangedman_feature_mirror, billiards_dpeg
Temple:   sentei_temple_godly_chess
Lair:1:   layout_hall_layers, gammafunk_ghost_arena, grunt_megastairs_2
Lair:2:   layout_concentric_octagons, skrybe_swamp_entry_bodies,
          portal_ice_cave_rime, uniq_maggie
Lair:3:   layout_regular_city, nicolae_spider_entry_tight_spaces,
          lemuel_altar_in_water2, st_stairs_11
Lair:4:   layout_misc_corridors, minivault_27, grunt_forest_small_clearing_treed
Lair:5:   minmay_lair_end_enchanted_forest, layout_regular_city,
          minmay_slime_entry_oklob_open, serial_bayou_pond_e
Swamp:1:  layout_falls_marsh, gammafunk_ghost_hydra_chop, serial_swamp_ruin,
          evilmike_swamp_ruin_house_3, evilmike_swamp_ruin_house_5, swamp_pool1
Swamp:2:  layout_basic_swamp, evilmike_swamp_ruin_house_2, swamp_pool2
Swamp:3:  layout_basic_swamp, hangedman_swamp_pad, swamp_pool2
Swamp:4:  swamp_vile, layout_basic_swamp, ebering_ghost_reflecting_pool,
          infiniplex_staircase_pool, uniq_mlioglotl
Spider:1: layout_spider_delve, nicolae_spider_checkerboard
Spider:2: layout_spider_delve, uniq_arachne
Spider:3: layout_spider_delve, uniq_agnes, uniq_donald
Spider:4: hellmonk_spider_rune_endless_swarm
Slime:1:  layout_caves, special_room [special_room_jelly],
          cheibrodos_slime_lost_civilization_6
Slime:2:  layout_caves, nicolae_slime_rock_hall_of_fame
Slime:3:  layout_caves
Slime:4:  layout_caves
Slime:5
Orc:1:    layout_caves, serial_shops, shop, gammafunk_ghost_wrathful_warriors
Orc:2:    st_orc_mages, layout_diamond_mine, lightli_volcano_entry_magma_tube,
          nicolae_shop_vocational
Elf:1:    minmay_elf_arrival_circle, layout_loops_cross,
          hangedman_corner_corridor, uniq_azrael
Elf:2:    nicolae_elf_blades_crystal_corner, layout_gridlike, serial_shops,
          nicolae_shop_rolling_square, minmay_shop_star, uniq_jorgrun,
          uniq_zenata
Elf:3:    grunt_elf_hall_asides, layout_geoelf_octagon, serial_shops,
          nicolae_shop_just_a_little_nook,
          hellmonk_guarded_unrand_gyre_and_gimble,
          roderic_lattice_octagonal_star, uniq_asterion
Vaults:1: grunt_vaults_diagonal, nicolae_vaults_angled_halls, v_rooms_4,
          v_misc_22, nicolae_vaults_theta, ontoclasm_vaults_misaligned,
          nicolae_vaults_network_quinsquares
          [nicolae_vaults_network_quincunx_subvault,
          nicolae_vaults_network_quincunx_subvault,
          nicolae_vaults_network_quincunx_subvault,
          nicolae_vaults_network_quincunx_subvault], v_misc_1,
          nicolae_vaults_twisting_passages, vaults_room_grid,
          ontoclasm_vaults_ligature, v_misc_29, layout_vaults_maze,
          serial_shops, shop, nicolae_shop_crystal, shop,
          nicolae_shop_behind_doors, shop
Vaults:2: ontoclasm_vaults_ring_small, nicolae_vaults_triangles, v_misc_19,
          nicolae_vaults_what_the_h, ontoclasm_vaults_gateway,
          nicolae_vaults_little_squares_2, layout_vaults_omnigrid, serial_shops,
          nicolae_lakefront_shop
Vaults:3: vaults_room_guarded_vault, hangedman_vaults_corner_blocks,
          v_pattern_5, minmay_crypt_entry_necro_gods, grunt_vaults_twisty,
          nicolae_vaults_little_squares_1, vaults_room_semicircle,
          layout_vaults_big_room, serial_shops, nicolae_shop_window_shopping
Vaults:4: hangedman_vaults_pinch, vaults_room_pools, v_misc_28,
          hangedman_vaults_stream, vaults_dpeg_diagonal,
          ontoclasm_vaults_shuriken, nicolae_vaults_hallways_thing,
          nicolae_vaults_diagonal_hallway_7, ontoclasm_vaults_spin,
          hangedman_vaults_unwind, ontoclasm_vaults_pinch, layout_vaults_omnibox
Vaults:5: serial_shops
Crypt:1:  layout_misc_corridors, grunt_crypt_arrival_guarded_gate
Crypt:2:  layout_chaotic_city, mu_enter_wizlab_3,
          serial_sigils_hangedman_confine, uniq_vv, uniq_xtahua
Crypt:3:  david_glass_crypt, layout_chaotic_city, tomb_entry_shell_bobbens,
          gammafunk_ghost_abyssal_escape, st_stairs_3, minivault_19
Depths:1: layout_cave_pools, abyss_entry_flame_altar, hell_entry,
          grunt_decor_mini_mirrors, nzn_random_ring, minmay_shoptagon
Depths:2: minmay_slanted_spiral_squares, layout_gridlike,
          grunt_pan_entry_sceptre, pf_coc_iceberg,
          infiniplex_staircase_zigzag_5, firewood_loft, uniq_bai_suzhen
Depths:3: box_level_dp, hell_entry, serial_shops, abyss_entry
Depths:4: evilmike_zot_entry_argh, layout_cave_shapes, gammafunk_ghost_crypt,
          hell_entry
Zot:1:    layout_gridlike
Zot:2:    infiniplex_zot_generator, layout_gridlike, bh_zot_ikea_curve
Zot:3:    layout_concentric_octagons, grunt_ministairs_10,
          hangedman_snake_sidewinding, grunt_megastairs_5
Zot:4:    layout_cathedral_of_symmetry
Zot:5:    layout_basic
Pan:      evilmike_mini_pan_3x3, layout_basic, evilmike_mini_pan_possible_glass,
          layout_gridlike, grunt_pan_sceptre, layout_rooms,
          pan_blood_fountain_small, pan_blood_fountain, mnoleg_grunt,
          layout_small_grid

Skill      XL: |  1  2  3  4  5  6  7  8  9 10 11 12 13 14 15 16 17 18 19 20 21 22 23 24 25 26 27 |
---------------+----------------------------------------------------------------------------------+-----
Invocations    | 1 2 3 4 5 6 7 8 9 10 11 12 13 14 15 16 17 18 19 20 22 | 22.1
Short Blades   | 1 2 3 5 6 7 8 9 10 11 12 13 14 15 16 17 18 20 | 20.4
Axes           | 1 2 3 5 6 7 8 9 10 11 12 13 14 15 16 17 18 20 | 20.4
Maces & Flails | 1 2 3 5 6 7 8 9 10 11 12 13 14 15 16 17 18 20 | 20.4
Polearms       | 1 2 3 5 6 7 8 9 10 11 12 13 14 15 16 17 19 22 | 22.4
Staves         | 1 2 3 5 6 7 8 9 10 11 12 13 14 15 16 17 18 20 | 20.4
Ranged Weapons | 1 2 3 5 6 7 8 9 10 11 12 13 14 15 16 17 18 20 | 20.4
Throwing       | 1 2 3 5 6 7 8 9 10 11 12 13 14 15 16 17 18 20 | 20.4
Armour         | 1 2 3 5 6 7 8 9 10 11 12 13 14 15 16 17 18 20 | 20.4
Dodging        | 1 2 3 5 6 7 8 9 10 11 12 13 14 15 16 17 18 20 | 20.4
Stealth        | 1 2 3 5 6 7 8 9 10 11 12 13 14 15 16 17 18 20 | 20.4
Shields        | 1 2 3 5 6 7 8 9 10 11 12 13 14 15 16 17 18 20 | 20.4
Unarmed Combat | 1 2 3 5 6 7 8 9 10 11 12 13 14 15 16 17 18 20 | 20.4
Spellcasting   | 3 4 5 6 7 8 9 10 11 12 13 14 15 16 17 18 20 | 20.6
Evocations     | 1 2 3 5 6 7 8 9 10 11 12 13 14 15 16 17 18 20 23 | 23.3
Conjurations   | 1 2 3 4 5 6 7 8 9 10 11 12 13 14 15 17 | 17.5
Hexes          | 1 2 3 4 5 6 7 8 9 10 11 12 13 14 15 17 | 17.5
Summonings     | 1 2 3 4 5 6 7 8 9 10 11 12 13 14 15 17 | 17.5
Necromancy     | 1 2 3 4 5 6 7 8 9 10 11 12 13 14 15 17 | 17.5
Translocations | 1 2 3 4 5 6 7 8 9 10 11 12 13 14 15 17 | 17.5
Transmutations | 1 2 3 4 5 6 7 8 9 10 11 12 13 14 15 17 | 17.5
Ice Magic      | 1 2 3 4 5 6 7 8 9 10 11 12 13 14 15 17 | 17.5
Air Magic      | 1 2 3 4 5 6 7 8 9 10 11 12 13 14 15 17 | 17.5
Earth Magic    | 1 2 3 4 5 6 7 8 9 10 11 12 13 14 15 17 | 17.5
Poison Magic   | 1 2 3 4 5 6 7 8 9 10 11 12 13 14 15 17 | 17.5
Fighting       | 7 8 9 10 11 12 13 14 15 16 17 18 19 21 | 21.2
Long Blades    | 7 8 9 10 11 12 13 14 15 16 17 18 20 23 | 23.1
Fire Magic     | 6 7 8 9 10 11 12 13 14 15 16 18 | 18.2

Action                     |  1- 3 |  4- 6 |  7- 9 | 10-12 | 13-15 | 16-18 | 19-21 | 22-24 | 25-27 || total
---------------------------+-------+-------+-------+-------+-------+-------+-------+-------+-------++-------
  Melee: Falchion          |    76 |    53 |   132 |    79 |       |       |       |       |       ||   340
         Punch             |     2 |       |       |       |       |       |       |       |       ||     2
         Bite              |     3 |     6 |    20 |    79 |    76 |   146 |   153 |   174 |   287 ||   944
         Great sword       |       |       |     7 |       |       |       |       |       |       ||     7
         Broad axe         |       |       |       |    13 |   114 |   728 |  1041 |  1322 |  1411 ||  4629
         War axe           |       |       |       |     3 |       |       |       |       |       ||     3
         Long sword        |       |       |       |   277 |    68 |       |       |       |       ||   345
         Mace              |       |       |       |     8 |   280 |   110 |       |       |       ||   398
         Unarmed           |       |       |       |       |     9 |       |       |       |       ||     9
         Staff             |       |       |       |       |       |       |    29 |    49 |    11 ||    89
         Demon whip        |       |       |       |       |       |       |       |       |  1349 ||  1349
   Fire: Sling             |       |    15 |    12 |   127 |   461 |   107 |       |       |       ||   722
         Hand crossbow     |       |       |       |       |       |   376 |    85 |    30 |       ||   491
  Throw: Stone             |       |       |     2 |       |       |       |       |       |       ||     2
         Boomerang         |       |       |       |       |    25 |       |       |       |       ||    25
         Dart              |       |       |       |       |    15 |    59 |       |       |       ||    74
         Javelin           |       |       |       |       |    16 |       |     7 |     9 |    14 ||    46
         Throwing net      |       |       |       |       |       |       |       |       |     1 ||     1
   Cast: Scorch            |       |    36 |   177 |   365 |   313 |    55 |     2 |       |       ||   948
         Mephitic Cloud    |       |       |       |    28 |     8 |     1 |       |       |       ||    37
         Sticky Flame      |       |       |       |       |    51 |    39 |     2 |       |       ||    92
         Freezing Cloud    |       |       |       |       |    68 |    91 |    69 |    47 |    16 ||   291
         Manifold Assault  |       |       |       |       |       |       |   145 |   266 |   744 ||  1155
         Starburst         |       |       |       |       |       |       |     3 |    20 |    14 ||    37
         Statue Form       |       |       |       |       |       |       |    26 |   113 |   176 ||   315
         Ozocubu's Armour  |       |       |       |       |       |       |     1 |       |       ||     1
         Vhi's Electric Ch |       |       |       |       |       |       |     2 |     1 |    11 ||    14
         Dispersal         |       |       |       |       |       |       |       |     1 |     1 ||     2
         Irradiate         |       |       |       |       |       |       |       |     5 |     7 ||    12
         Wereblood         |       |       |       |       |       |       |       |       |   155 ||   155
         Haunt             |       |       |       |       |       |       |       |       |    27 ||    27
         Borgnjor's Vile C |       |       |       |       |       |       |       |       |    15 ||    15
         Maxwell's Capacit |       |       |       |       |       |       |       |       |     8 ||     8
 Invoke: Fiery Armour      |       |     1 |     1 |     6 |       |       |       |       |       ||     8
         Foxfire Swarm     |       |       |       |     3 |       |       |       |       |       ||     3
         Rising Flame      |       |       |       |     1 |       |       |       |       |       ||     1
         Temporal Distorti |       |       |       |       |       |     1 |       |       |       ||     1
         Slouch            |       |       |       |       |       |     2 |       |       |    10 ||    12
         Bend Time         |       |       |       |       |       |       |       |       |     1 ||     1
  Evoke: Wand              |       |       |     2 |    24 |    18 |     6 |       |     8 |    10 ||    68
         Lightning rod     |       |       |       |     3 |     1 |     1 |       |     3 |     3 ||    11
         Box of beasts     |       |       |       |       |     1 |       |       |       |       ||     1
    Use: Scroll            |       |     5 |     4 |     9 |    27 |    10 |     5 |     5 |    15 ||    80
         Potion            |       |       |       |     2 |     1 |     2 |     2 |     2 |     2 ||    11
   Stab: Confused          |       |       |       |     5 |     2 |     2 |       |     2 |       ||    11
         Sleeping          |       |       |       |       |     2 |     4 |     8 |     5 |     3 ||    22
         Distracted        |       |       |       |       |       |       |     3 |       |     5 ||     8
         Invisible         |       |       |       |       |       |       |       |     3 |       ||     3
         Held in net/web   |       |       |       |       |       |       |       |       |     1 ||     1
 Armour: Robe              |     1 |       |       |       |       |       |     1 |     9 |    57 ||    68
         Leather armour    |    26 |    12 |       |   207 |    16 |       |    15 |       |       ||   276
         Animal skin       |       |    29 |    83 |    41 |       |       |       |       |       ||   153
         Chain mail        |       |       |     8 |       |    97 |   535 |   203 |       |       ||   843
         Steam dragon scal |       |       |       |       |   239 |       |       |       |       ||   239
         Skin              |       |       |       |       |       |       |    62 |   320 |   479 ||   861
  Dodge: Dodged            |    47 |    46 |   110 |   311 |   530 |   901 |   801 |  1105 |  1798 ||  5649
         Repelled          |       |       |       |       |       |       |     7 |    19 |       ||    26
  Block: Kite shield       |       |    10 |    90 |   369 |   697 |  1282 |   962 |  1093 |  1847 ||  6350

Table legend: (Time is in decaauts)
 A = Elapsed time spent in this place.
 B = Non-inter-level travel time spent in this place.
 C = Inter-level travel time spent in this place.
 D = Time resting spent in this place.
 E = Time spent auto-exploring this place.
 F = Levels seen in this place.
 G = Mean time per level.
                   A        B        C        D        E       F      G
               +--------+--------+--------+--------+--------+-----+--------+
         Total | 140446 | 122043 |  18403 |  31997 |  53352 |  69 | 2035.4 |
       Dungeon |  37193 |  29610 |   7583 |  12789 |  11658 |  15 | 2479.5 |
        Temple |     24 |     15 |      9 |      0 |      2 |   1 |   24.0 |
          Lair |  12447 |  10822 |   1625 |   5032 |   3263 |   5 | 2489.4 |
         Swamp |   5484 |   5336 |    148 |   1372 |   2345 |   4 | 1371.0 |
   Spider Nest |   8787 |   8154 |    633 |   2133 |   4177 |   4 | 2196.8 |
    Slime Pits |   4963 |   4815 |    148 |    425 |   2290 |   5 |  992.6 |
  Orcish Mines |   3594 |   2978 |    616 |    798 |   1363 |   2 | 1797.0 |
   Elven Halls |   7388 |   6481 |    907 |    632 |   3259 |   3 | 2462.7 |
        Vaults |  17078 |  13523 |   3555 |   3000 |   7647 |   5 | 3415.6 |
         Crypt |   6638 |   5691 |    947 |    212 |   3083 |   3 | 2212.7 |
        Depths |  10994 |   9584 |   1410 |    560 |   5073 |   4 | 2748.5 |
           Zot |  10004 |   9187 |    817 |    277 |   6230 |   5 | 2000.8 |
         Abyss |    564 |    564 |      0 |      0 |      0 |   3 |  188.0 |
   Pandemonium |   6300 |   6300 |      0 |    178 |   2226 |   4 | 1575.0 |
         Sewer |    452 |    452 |      0 |    180 |    231 |   1 |  452.0 |
        Bailey |   1737 |   1737 |      0 |   1256 |      0 |   1 | 1737.0 |
      Ice Cave |   2583 |   2583 |      0 |   1894 |    183 |   1 | 2583.0 |
       Volcano |   1223 |   1223 |      0 |    561 |     53 |   1 | 1223.0 |
        Wizlab |   1666 |   1666 |      0 |     85 |      0 |   1 | 1666.0 |
      Gauntlet |   1317 |   1317 |      0 |    608 |    264 |   1 | 1317.0 |
               +--------+--------+--------+--------+--------+-----+--------+

Top non-repeatable levels by time:
    D:12: 6771 daAuts
    D:15: 4232 daAuts
  Lair:5: 4205 daAuts
Vaults:1: 4039 daAuts
Vaults:2: 3702 daAuts
Depths:3: 3654 daAuts
Depths:2: 3550 daAuts
    D:10: 3480 daAuts
    D:14: 3407 daAuts
Vaults:4: 3299 daAuts
   Zot:2: 3033 daAuts
Vaults:3: 3031 daAuts
Vaults:5: 3005 daAuts
    D:11: 2886 daAuts
  Lair:1: 2847 daAuts
